 Dungeon Crawl Stone Soup version 0.29.1-15-g9cfb28693d (webtiles) character file.

Game seed: 2578657780976192027

1 dudediamond6 the Trooper (level 1, 0/14 HPs)
             Began as a Gargoyle Fighter on Mar 17, 2023.
             Slain by a quokka (4 damage)
             ... on level 1 of the Dungeon.
             The game lasted 00:00:11 (24 turns).

dudediamond6 the Trooper (Gargoyle Fighter)           Turns: 24, Time: 00:00:11

Health: 0/14       AC:  9    Str: 19    XL:     1   Next: 20%
Magic:  1/1        EV:  9    Int:  8    God:
Gold:   0          SH:  4    Dex:  9    Spells: 0/0 levels left

rFire   . . .      SeeInvis .   a - +0 flail
rCold   . . .      Faith    .   c - +0 buckler
rNeg    + . .      Spirit   .   b - +0 scale mail
rPois   ∞          Reflect  .   (no helmet)
rElec   +          Harm     .   (no cloak)
rCorr   .          Rampage  .   (no gloves)
Will    .....                   (no boots)
Stlth   ..........              (no amulet)
HPRegen 0.04/turn               (no ring)
MPRegen 0.07/turn               (no ring)

@: no status effects
A: sickness immunity, AC +2, negative energy resistance 1, electricity
resistance, torment resistance 1, petrification resistance
a: no special abilities


You were on level 1 of the Dungeon.
You visited 1 branch of the dungeon, and saw 1 of its levels.

Inventory:

Hand Weapons
 a - a +0 flail (weapon)
Armour
 b - a +0 scale mail (worn)
 c - a +0 buckler (worn)
Potions
 d - a potion of might


   Skills:
 * Level 3.3 Fighting
 * Level 2.0 Maces & Flails
 + Level 3.3 Armour
 + Level 3.3 Shields


You couldn't memorise any spells.
You didn't know any spells.
Your spell library was empty.

Dungeon Overview and Level Annotations

Branches:
Dungeon (1/15)

Altars:


Innate Abilities, Weirdness & Mutations

You are immune to sickness and miasma.
Your stone body is resilient. (AC +2)
You are immune to poison.
You resist negative energy. (rN+)
You are resistant to electric shocks. (rElec)
You are resistant to unholy torment.
You are immune to petrification.


Message History

You block the hobgoblin's attack.
You closely miss the hobgoblin.
The hobgoblin hits you but does no damage.
You hit the hobgoblin.
The hobgoblin is moderately wounded.
The quokka barely misses you.
The hobgoblin hits you but does no damage.
You barely miss the hobgoblin.
The hobgoblin is moderately wounded.
The quokka closely misses you. You block the hobgoblin's attack.
The hobgoblin misses you. The quokka closely misses you.
The quokka barely misses you. The hobgoblin barely misses you.
The hobgoblin closely misses you.
You sock the hobgoblin!
You kill the hobgoblin!
You block the quokka's attack.
The quokka bites you but does no damage.
The hobgoblin closely misses you. You block the quokka's attack.
The quokka bites you but does no damage.
You barely miss the hobgoblin. The quokka barely misses you.
The hobgoblin hits you but does no damage.
The quokka bites you but does no damage.
You barely miss the hobgoblin. The quokka barely misses you.
The quokka bites you but does no damage.
You block the hobgoblin's attack. The quokka barely misses you. x2
The hobgoblin hits you.
The hobgoblin hits you but does no damage.
You see here a hobgoblin corpse.
You block the quokka's attack.
You closely miss the quokka. You closely miss the hobgoblin.
The quokka bites you. The hobgoblin hits you. The quokka barely misses you.
You barely miss the hobgoblin. The hobgoblin barely misses you.
The quokka bites you.
* * * LOW HITPOINT WARNING * * *
The hobgoblin hits you but does no damage.
You hit the hobgoblin.
The hobgoblin is severely wounded.
You block the quokka's attack. The quokka bites you.
You die...

###.. # #.>.. .# .r
##.#.###.#...
#........#.##.
#..#.....?...
#..#..#..#.##
##.r#.........
#..@gr....#
#..####'####
#.##PP#.#PP##
..##P.P#.#~~P##
..##P...#.#~~~P##
#...#PP...#.#~~~~P#
... #P....#.#~~~~P#
## #######.#######
+......<......+


You could see 2 quokkas and a hobgoblin.

Vanquished Creatures
  A hobgoblin (D:1)
1 creature vanquished.

Notes
Turn   | Place    | Note
-------+----------+-------------------------------------------
     0 | D:1      | dudediamond6 the Gargoyle Fighter began the quest for the
                  | Orb.
     0 | D:1      | Reached XP level 1. HP: 14/14 MP: 1/1
    24 | D:1      | Slain by a quokka

Illustrated notes

Levels and vault maps discovered:
D:1:      psy_arrival_terrarium, layout_loops_cross,
          dreamdust_ecumenical_altar_grove

Action                   || total
-------------------------++-------
Melee: Flail             ||    13
Armor: Scale mail        ||    10
Dodge: Dodged            ||    16
Block: Buckler           ||     8
